SL
BROOKLYN DODGERS @ PHOENIX HOTSPUR
10/16/2027
 
TOP OF THE 1ST
Brooklyn Dodgers batting - Pitching for Phoenix Hotspur : RHP Pablo De La Torre
Pitching: RHP Pablo De La Torre
Batting: RHB Vincent Crane 0-0: Ball
1-0: SINGLE (Groundball, 4MD)
Batting: LHB Ki-tak Im 0-0: Called Strike
0-1: Ball
1-1: SINGLE (Line Drive, 34D)
Vincent Crane to second
Batting: LHB Tim Waters 0-0: Swinging Strike
0-1: Ball
1-1: Ball
2-1: Foul Ball, location: 2F
2-2: DOUBLE (Line Drive, 78XD)
Vincent Crane scores
Ki-tak Im to third
Runner from 3rd tries for Home, SAFE, throw made at trailing runner, SAFE at third!
Batting: RHB Oliver Aranda 0-0: Ball
1-0: Called Strike
1-1: Fly out, F8 (Flyball, 8LD)
Runner from 3rd tags up, SCORES, no throw
Batting: LHB Avon Barksdale 0-0: Called Strike
0-1: Ball
1-1: DOUBLE (Flyball, 89D)
Batting: LHB Chad Armstrong 0-0: Called Strike
0-1: Foul Ball, location: 2F
0-2: Ground out U3 (Groundball, 34)
Avon Barksdale to third
Batting: RHB Gustavo Mateo 0-0: Fly out, F7 (Flyball, 7)
Top of the 1st over - 3 run(s), 4 hit(s), 0 error(s), 1 left on base; Brooklyn 3 - Phoenix 0
BOTTOM OF THE 1ST
Phoenix Hotspur batting - Pitching for Brooklyn Dodgers : RHP Eddie Kop
Pitching: RHP Eddie Kop
Batting: RHB Roland Deschain 0-0: Ball
1-0: Foul Ball, location: 2F
1-1: Ball
2-1: Ball
3-1: Swinging Strike
3-2: Fly out, F4 (Flyball, 4D)
Batting: LHB Francisco García 0-0: Called Strike
0-1: Ball
1-1: Swinging Strike
1-2: Strikes out swinging
Batting: LHB Mario Cruz 0-0: Ball
1-0: Ball
2-0: Ground out 1-3 (Groundball, 13)
Bottom of the 1st over - 0 run(s), 0 hit(s), 0 error(s), 0 left on base; Brooklyn 3 - Phoenix 0
TOP OF THE 2ND
Brooklyn Dodgers batting - Pitching for Phoenix Hotspur : RHP Pablo De La Torre
Batting: LHB Yannick Hendriksen 0-0: Ball
1-0: Foul Ball, location: 2F
1-1: Ball
2-1: Ground out 6-3 (Groundball, 6D)
Batting: RHB Gerald Clark 0-0: Ball
1-0: Fly out, F7 (Flyball, 78S)
Batting: RHB Vincent Crane 0-0: Ground out 4-3 (Groundball, 4)
Top of the 2nd over - 0 run(s), 0 hit(s), 0 error(s), 0 left on base; Brooklyn 3 - Phoenix 0
BOTTOM OF THE 2ND
Phoenix Hotspur batting - Pitching for Brooklyn Dodgers : RHP Eddie Kop
Batting: RHB Gabriel Pérez 0-0: Ball
1-0: Fly out, F7 (Flyball, 7S)
Batting: LHB Rafael Sánchez 0-0: Ball
1-0: Fly out, F4 (Popup, 34)
Batting: RHB Randy Rehling 0-0: Swinging Strike
0-1: Swinging Strike
0-2: Foul Ball, location: 2F
0-2: Strikes out swinging
Bottom of the 2nd over - 0 run(s), 0 hit(s), 0 error(s), 0 left on base; Brooklyn 3 - Phoenix 0
TOP OF THE 3RD
Brooklyn Dodgers batting - Pitching for Phoenix Hotspur : RHP Pablo De La Torre
Batting: LHB Ki-tak Im 0-0: Ball
1-0: Called Strike
1-1: Swinging Strike
1-2: Foul Ball, location: 2F
1-2: Foul Ball, location: 2F
1-2: Ground out 4-3 (Groundball, 4)
Batting: LHB Tim Waters 0-0: Ball
1-0: Ball
2-0: Foul Ball, location: 2F
2-1: Ball
3-1: SINGLE (Groundball, 34D)
Batting: RHB Oliver Aranda 0-0: Called Strike
0-1: Foul Ball, location: 2F
0-2: Grounds into double play, 6-4-3 (Groundball, 6)
Top of the 3rd over - 0 run(s), 1 hit(s), 0 error(s), 0 left on base; Brooklyn 3 - Phoenix 0
BOTTOM OF THE 3RD
Phoenix Hotspur batting - Pitching for Brooklyn Dodgers : RHP Eddie Kop
Batting: SHB Pedro Gómez 0-0: Ball
1-0: Ball
2-0: Ground out 4-3 (Groundball, 4D)
Batting: RHB Alex Niemann 0-0: Called Strike
0-1: Ball
1-1: Called Strike
1-2: Ball
2-2: Fly out, F9 (Line Drive, 89S)
Batting: RHB Ted Cook 0-0: Called Strike
0-1: Ball
1-1: Swinging Strike
1-2: Ball
2-2: Ball
3-2: Ground out 6-3 (Groundball, 6)
Bottom of the 3rd over - 0 run(s), 0 hit(s), 0 error(s), 0 left on base; Brooklyn 3 - Phoenix 0
TOP OF THE 4TH
Brooklyn Dodgers batting - Pitching for Phoenix Hotspur : RHP Pablo De La Torre
Batting: LHB Avon Barksdale 0-0: Foul Ball, location: 2F
0-1: Ball
1-1: Foul Ball, location: 2F
1-2: Foul Ball, location: 2F
1-2: Ground out 1-3 (Groundball, P)
Batting: LHB Chad Armstrong 0-0: Fly out, F8 (Flyball, 8RD)
Batting: RHB Gustavo Mateo 0-0: Ball
1-0: SINGLE (Line Drive, 56D)
Batting: LHB Yannick Hendriksen 0-0: Called Strike
0-1: Ball
1-1: Called Strike
1-2: Strikes out swinging
Top of the 4th over - 0 run(s), 1 hit(s), 0 error(s), 1 left on base; Brooklyn 3 - Phoenix 0
BOTTOM OF THE 4TH
Phoenix Hotspur batting - Pitching for Brooklyn Dodgers : RHP Eddie Kop
Batting: RHB Roland Deschain 0-0: Called Strike
0-1: Ball
1-1: Ground out 5-3 (Groundball, 5)
Batting: LHB Francisco García 0-0: Called Strike
0-1: Swinging Strike
0-2: Ground out 4-3 (Groundball, 4)
Batting: LHB Mario Cruz 0-0: Fly out, F4 (Popup, 4D)
Bottom of the 4th over - 0 run(s), 0 hit(s), 0 error(s), 0 left on base; Brooklyn 3 - Phoenix 0
TOP OF THE 5TH
Brooklyn Dodgers batting - Pitching for Phoenix Hotspur : RHP Pablo De La Torre
Batting: RHB Gerald Clark 0-0: Foul Ball, location: 2F
0-1: Fly out, F8 (Line Drive, 8LM)
Batting: RHB Vincent Crane 0-0: Ball
1-0: Foul Ball, location: 2F
1-1: Fly out, F4 (Line Drive, 4M)
Batting: LHB Ki-tak Im 0-0: Ground out 4-3 (Groundball, 4)
Top of the 5th over - 0 run(s), 0 hit(s), 0 error(s), 0 left on base; Brooklyn 3 - Phoenix 0
BOTTOM OF THE 5TH
Phoenix Hotspur batting - Pitching for Brooklyn Dodgers : RHP Eddie Kop
Batting: RHB Gabriel Pérez 0-0: Ball
1-0: Swinging Strike
1-1: Swinging Strike
1-2: Ball
2-2: Ball
3-2: Fly out, F8 (Flyball, 8LD)
Batting: LHB Rafael Sánchez 0-0: Fly out, F3 (Line Drive, 3S)
Batting: RHB Randy Rehling 0-0: Foul Ball, location: 2F
0-1: Ground out 6-3 (Groundball, 6)
Bottom of the 5th over - 0 run(s), 0 hit(s), 0 error(s), 0 left on base; Brooklyn 3 - Phoenix 0
TOP OF THE 6TH
Brooklyn Dodgers batting - Pitching for Phoenix Hotspur : RHP Pablo De La Torre
Batting: LHB Tim Waters 0-0: Ball
1-0: Ball
2-0: Swinging Strike
2-1: Foul Ball, location: 2F
2-2: Foul Ball, location: 2F
2-2: Strikes out swinging
Batting: RHB Oliver Aranda 0-0: Fly out, F7 (Flyball, 7)
Batting: LHB Avon Barksdale 0-0: Called Strike
0-1: Ball
1-1: SOLO HOME RUN (Flyball, 9D), Distance : 380 ft
Batting: LHB Chad Armstrong 0-0: Called Strike
0-1: Ball
1-1: Swinging Strike
1-2: Foul Ball, location: 2F
1-2: Ball
2-2: Strikes out swinging
Top of the 6th over - 1 run(s), 1 hit(s), 0 error(s), 0 left on base; Brooklyn 4 - Phoenix 0
BOTTOM OF THE 6TH
Phoenix Hotspur batting - Pitching for Brooklyn Dodgers : RHP Eddie Kop
Batting: SHB Pedro Gómez 0-0: Ball
1-0: Ball
2-0: Ball
3-0: Called Strike
3-1: Ground out U3 (Groundball, 3L)
Batting: RHB Alex Niemann 0-0: Foul Ball, location: 2F
0-1: Swinging Strike
0-2: Ball
1-2: Strikes out looking
Batting: RHB Ted Cook 0-0: Ball
1-0: Ball
2-0: Ball
3-0: Called Strike
3-1: Foul Ball, location: 2F
3-2: DOUBLE (Groundball, 3D)
Batting: RHB Roland Deschain 0-0: Swinging Strike
0-1: Swinging Strike
0-2: Foul Ball, location: 2F
0-2: Strikes out looking
Bottom of the 6th over - 0 run(s), 1 hit(s), 0 error(s), 1 left on base; Brooklyn 4 - Phoenix 0
TOP OF THE 7TH
Brooklyn Dodgers batting - Pitching for Phoenix Hotspur : RHP Pablo De La Torre
Batting: RHB Gustavo Mateo 0-0: Called Strike
0-1: Ball
1-1: Ball
2-1: Ball
3-1: Base on Balls
Batting: LHB Yannick Hendriksen 0-0: Ball
1-0: Bunted foul
1-1: Bunted foul
1-2: Grounds into double play, 4-6-3 (Groundball, 34)
Batting: RHB Gerald Clark 0-0: Swinging Strike
0-1: Ball
1-1: Ball
2-1: Ball
3-1: Ground out 5-3 (Groundball, 56S)
Top of the 7th over - 0 run(s), 0 hit(s), 0 error(s), 0 left on base; Brooklyn 4 - Phoenix 0
BOTTOM OF THE 7TH
Phoenix Hotspur batting - Pitching for Brooklyn Dodgers : RHP Eddie Kop
Batting: LHB Francisco García 0-0: Called Strike
0-1: Foul Ball, location: 2F
0-2: Foul Ball, location: 2F
0-2: Foul Ball, location: 2F
0-2: Fly out, F8 (Line Drive, 8RD)
Batting: LHB Mario Cruz 0-0: Fly out, F8 (Flyball, 89M)
Batting: RHB Gabriel Pérez 0-0: Called Strike
0-1: Ball
1-1: Ground out 6-3 (Groundball, 6)
Bottom of the 7th over - 0 run(s), 0 hit(s), 0 error(s), 0 left on base; Brooklyn 4 - Phoenix 0
TOP OF THE 8TH
Brooklyn Dodgers batting - Pitching for Phoenix Hotspur : RHP Pablo De La Torre
Batting: RHB Vincent Crane 0-0: Ball
1-0: Ball
2-0: Called Strike
2-1: Called Strike
2-2: Strikes out swinging
Batting: LHB Ki-tak Im 0-0: Foul Ball, location: 2F
0-1: Ball
1-1: Swinging Strike
1-2: Ball
2-2: Foul Ball, location: 2F
2-2: Fly out, F8 (Flyball, 8LM)
Batting: LHB Tim Waters 0-0: Foul Ball, location: 2F
0-1: Ball
1-1: SINGLE (Groundball, 13S) (infield hit)
Pitching: LHP Edgar Capello
Batting: RHB Oliver Aranda 0-0: Called Strike
0-1: Ball
1-1: Foul Ball, location: 2F
1-2: Fly out, F9 (Flyball, 9)
Top of the 8th over - 0 run(s), 1 hit(s), 0 error(s), 1 left on base; Brooklyn 4 - Phoenix 0
BOTTOM OF THE 8TH
Phoenix Hotspur batting - Pitching for Brooklyn Dodgers : RHP Eddie Kop
Batting: LHB Rafael Sánchez 0-0: Ball
1-0: Fly out, F6 (Popup, 6MS)
Batting: RHB Randy Rehling 0-0: SINGLE (Groundball, 34D)
Batting: SHB Pedro Gómez 0-0: Ball
1-0: Foul Ball, location: 2F
1-1: Called Strike
1-2: Ball
2-2: Ball
3-2: Fielders Choice at 2nd, 4-6 (Groundball, 34)
Batting: RHB Alex Niemann 0-0: Called Strike
0-1: Swinging Strike
0-2: Foul Ball, location: 2F
0-2: SINGLE (Groundball, 23) (infield hit)
Pedro Gómez to second
Batting: RHB Ted Cook 0-0: Foul Ball, location: 2F
0-1: Ball
1-1: Foul Ball, location: 2F
1-2: Fielders Choice at 2nd, 6-4 (Groundball, 6)
Bottom of the 8th over - 0 run(s), 2 hit(s), 0 error(s), 1 left on base; Brooklyn 4 - Phoenix 0
TOP OF THE 9TH
Brooklyn Dodgers batting - Pitching for Phoenix Hotspur : LHP Edgar Capello
Batting: LHB Avon Barksdale 0-0: Called Strike
0-1: Ball
1-1: Foul Ball, location: 2F
1-2: SINGLE (Line Drive, 4M)
Batting: LHB Chad Armstrong 0-0: Called Strike
0-1: Ball
1-1: Foul Ball, location: 2F
1-2: Ball
2-2: SINGLE (Groundball, 6MD)
Avon Barksdale to second
Batting: RHB Gustavo Mateo 0-0: Foul Ball, location: 2F
0-1: Foul Ball, location: 2F
0-2: Ball
1-2: Ball
2-2: Foul Ball, location: 2F
2-2: Foul Ball, location: 2F
2-2: Strikes out swinging
Batting: LHB Yannick Hendriksen 0-0: Ball
1-0: Fly out, F8 (Flyball, 8RXD)
Runner from 2nd tags up, SAFE at 3rd, no throw
Batting: RHB Gerald Clark 0-0: Ball
1-0: SINGLE (Groundball, 4MD)
Avon Barksdale scores
Chad Armstrong to second
Batting: RHB Vincent Crane 0-0: Called Strike
0-1: Ball
1-1: Swinging Strike
1-2: Ground out 5-3 (Groundball, 56S)
Top of the 9th over - 1 run(s), 3 hit(s), 0 error(s), 2 left on base; Brooklyn 5 - Phoenix 0
BOTTOM OF THE 9TH
Phoenix Hotspur batting - Pitching for Brooklyn Dodgers : RHP Eddie Kop
Batting: RHB Roland Deschain 0-0: Called Strike
0-1: Foul Ball, location: 2F
0-2: Ball
1-2: Ball
2-2: Ball
3-2: Fly out, F7 (Flyball, 7LSF)
Batting: LHB Francisco García 0-0: Called Strike
0-1: DOUBLE (Groundball, 3L)
Pitching: LHP Sjaak Bonne
Batting: LHB Mario Cruz 0-0: SINGLE (Groundball, 4MD)
Francisco García to third
Runner from 3rd tries for Home, throw and OUT!
Mario Cruz to second
Batting: RHB Gabriel Pérez 0-0: Called Strike
0-1: Swinging Strike
0-2: Ball
1-2: 2-RUN HOME RUN (Flyball, 78XD), Distance : 425 ft
Batting: LHB Rafael Sánchez 0-0: Foul Ball, location: 2F
0-1: Ball
1-1: Swinging Strike
1-2: Ball
2-2: Strikes out looking
Bottom of the 9th over - 2 run(s), 3 hit(s), 0 error(s), 0 left on base; Brooklyn 5 - Phoenix 2
Saturday, May 26th, 2018 - OOTP Baseball 17.12 Build 75